 Dungeon Crawl Stone Soup version 0.31-a0-358-gac0dbeb3ab (webtiles) character file.

Game seed: 8209734936293639070

23 freelancePsychic the Sneak (level 2, 0/17 HPs)
             Began as a Deep Elf Brigand on July 25, 2023.
             Slain by an orc
             ... wielding a +0 mace
              (5 damage)
             ... on level 2 of the Dungeon.
             The game lasted 00:01:03 (801 turns).

freelancePsychic the Sneak (Deep Elf Brigand)        Turns: 801, Time: 00:01:03

Health: 0/17       AC:  4    Str:  8    XL:     2   Next: 72%
Magic:  4/4        EV: 11    Int: 15    God:
Gold:   46         SH:  0    Dex: 16    Spells: 1/1 levels left

rFire   . . .        a - +2 dagger
rCold   . . .        (no shield)
rNeg    . . .        l - +0 leather armour
rPois   +            (no helmet)
rElec   .            c - +0 cloak
rCorr   .            (no gloves)
SInv    .            (no boots)
Will    .....        (no amulet)
Stlth   +++          p - ring of poison resistance
HPRegen 0.22/turn    (no ring)
MPRegen 0.09/turn

%: no passive effects
@: no status effects
A: no striking features
a: no special abilities


You were on level 2 of the Dungeon.
You visited 1 branch of the dungeon, and saw 2 of its levels.

You collected 46 gold pieces.

Inventory:

Hand Weapons
 a - a +2 dagger (weapon)
Missiles
 d - 11 poisoned darts (quivered)
 e - 3 curare-tipped darts
Armour
 b - a +0 robe
 c - a +0 cloak (worn)
 l - a +0 leather armour (worn)
Jewellery
 o - a ring of ice
 p - a ring of poison resistance (left hand)
Scrolls
 k - 3 scrolls of immolation
Potions
 f - a potion of magic {unknown}
 g - a potion of lignification {unknown}
 h - a potion of ambrosia {unknown}
 i - a potion of degeneration {unknown}
 j - a potion of cancellation {unknown}
 m - a potion of mutation {unknown}


   Skills:
 + Level 1.9 Fighting
 * Level 2.7 Short Blades
 - Level 2.0 Throwing
 - Level 1.2 Dodging
 + Level 5.1 Stealth


You had one spell level left.
You didn't know any spells.
Your spell library was empty.

Dungeon Overview and Level Annotations

Branches:
Dungeon (2/15)

Altars:


Message History

An orc is nearby!
You throw a poisoned dart. The poisoned dart hits the orc.
The orc is poisoned.
The orc shouts!
You hear a shout! x2
An orc comes into view. It is wielding a +0 mace.
You feel a bit more experienced.
You hit the orc.
The orc is moderately wounded.
The orc hits you with a +0 mace.
You are too injured to fight recklessly!
You barely miss the orc.
The orc is moderately wounded.
The orc hits you with a +0 mace.
You hit the orc.
The orc is heavily wounded.
The orc barely misses you.
You closely miss the orc.
The orc is heavily wounded.
The orc completely misses you.
You hit the orc but do no damage.
The orc is heavily wounded.
An orc wizard comes into view. It is wielding a +0 dagger.
The orc barely misses you.
You hit the orc but do no damage.
The orc is heavily wounded.
The orc closely misses you.
Throw: 13 darts (poison)
Press: ? - help, Q - select action, (/) - cycle Shift-Dir - straight line, f - orc
Aim: an orc, wielding a +0 mace and wearing a +0 ring mail (heavily wounded, 61% to hit)
You throw a poisoned dart. The poisoned dart hits the orc.
The orc is poisoned.
The orc is heavily wounded.
The orc hits you with a +0 mace.
* * * LOW HITPOINT WARNING * * *
Throw: 12 darts (poison)
Press: ? - help, Q - select action, (/) - cycle Shift-Dir - straight line, f/p - orc
Aim: an orc, wielding a +0 mace and wearing a +0 ring mail (heavily wounded, poisoned, 61% to hit)
You throw a poisoned dart.
The poisoned dart closely misses the orc.
The poisoned dart hits the orc wizard.
The orc wizard is poisoned.
The orc hits you with a +0 mace.
You die...

. .. (.. ...#
....+ ######.....#
#..@oo......
#.#####'##########
#............#
#............#
#......=.....#
#............#
#.......######
##...#### #...


You could see an orc wizard (poisoned) and an orc (poisoned).

Vanquished Creatures
  A dart slug (D:1)
  An orc (D:2)
  3 ball pythons (D:1)
  2 bats (D:1)
  2 endoplasms (D:1)
  2 goblins (D:1)
  2 hobgoblins (D:1)
  2 kobolds (D:1)
  A rat (D:1)
16 creatures vanquished.

Notes
Turn   | Place    | Note
-------+----------+-------------------------------------------
     0 | D:1      | freelancePsychic the Deep Elf Brigand began the quest for
                  | the Orb.
     0 | D:1      | Reached XP level 1. HP: 12/12 MP: 3/3
   135 | D:1      | Reached skill level 5 in Stealth
   190 | D:1      | Found a faded altar of an unknown god.
   197 | D:1      | Reached XP level 2. HP: 17/17 MP: 4/4
   801 | D:2      | Slain by an orc

Illustrated notes

Levels and vault maps discovered:
D:1:      heliophobic_arrival_ceremonial_halls, layout_loops_ring,
          hellmonk_ecumenical_altar_blasted
D:2:      layout_basic

Skill      XL: |  1 |
---------------+----+-----
Stealth        | 5 |  5.1
Fighting       | |  1.9
Short Blades   | |  2.7
Throwing       | |  2.0
Dodging        | |  1.2

Action                     || total
---------------------------++-------
  Melee: Dagger            ||    42
         Punch             ||     1
  Throw: Dart              ||     4
    Use: Scroll            ||     1
   Stab: Sleeping          ||     4
 Armour: Robe              ||     1
         Leather armour    ||    11
  Dodge: Dodged            ||    16

Table legend: (Time is in decaauts)
 A = Elapsed time spent in this place.
 B = Non-inter-level travel time spent in this place.
 C = Inter-level travel time spent in this place.
 D = Time resting spent in this place.
 E = Time spent auto-exploring this place.
 F = Levels seen in this place.
 G = Mean time per level.
                   A        B        C        D        E       F      G
               +--------+--------+--------+--------+--------+-----+--------+
         Total |    795 |    780 |     15 |      0 |    623 |   2 |  397.5 |
       Dungeon |    795 |    780 |     15 |      0 |    623 |   2 |  397.5 |
               +--------+--------+--------+--------+--------+-----+--------+

Top non-repeatable levels by time:
     D:1: 768 daAuts
     D:2: 26 daAuts
